 Dungeon Crawl Stone Soup version 0.20.1-1-g8b1a95d (webtiles) character file.

85 n0claF the Caller (level 4, 0/30 HPs)
             Began as a Merfolk Summoner on Oct 26, 2017.
             Was an Initiate of Ru.
             Killed from afar by an orc wizard (8 damage)
             ... with a puff of frost
             ... on level 3 of the Dungeon.
             The game lasted 00:20:52 (3086 turns).

n0claF the Caller (Merfolk Summoner)                Turns: 3086, Time: 00:20:53

Health: 0/30       AC:  2    Str:  8    XL:     4   Next: 48%
Magic:  2/8        EV: 13    Int: 15    God:    Ru [......]
Gold:   148        SH:  0    Dex: 14    Spells: 8/9 levels left

rFire    . . .     SeeInvis .   p - +0 hand axe
rCold    . . .     Gourm    .   (no shield)
rNeg     . . .     Faith    .   a - +0 robe
rPois    .         Spirit   .   (no helmet)
rElec    .         Reflect  .   (no cloak)
rCorr    .         Harm     .   (no gloves)
MR       .....                  (no boots)
Stlth    ++........             (no amulet)
Regen    0.1/turn               (no ring)
MPRegen  0.2/turn               (no ring)

@: very slightly contaminated
A: change form in water, swift swim, stealthy swim
a: Renounce Religion


You were on level 3 of the Dungeon.
You worshipped Ru.
Ru was noncommittal.
You were not hungry.

You visited 1 branch of the dungeon, and saw 3 of its levels.

You collected 148 gold pieces.

Inventory:

Hand Weapons
 p - a +0 hand axe (weapon)
 r - a +0 club
Armour
 a - a +0 robe (worn)
Wands
 w - a wand of polymorph (0/24)
Scrolls
 h - a scroll of fear {unknown}
 l - 4 scrolls of remove curse {unknown}
 n - 2 scrolls of random uselessness {unknown}
 o - a scroll of identify {unknown}
 u - a scroll of amnesia {unknown}
Potions
 e - a potion of curing
 f - a potion of degeneration {unknown}
 g - 3 potions of heal wounds {unknown}
 i - 2 potions of cancellation {unknown}
 j - a potion of magic {unknown}
 m - 3 potions of agility {unknown}
 q - a potion of brilliance {unknown}
 s - a potion of might {unknown}
 t - 2 potions of mutation {unknown}
 v - 2 potions of haste
Books
 b - a book of Callings

   Spells                             Type                      Level
   a - Summon Small Mammal            Summoning                    1
   b - Call Imp                       Summoning                    2
   c - Call Canine Familiar           Summoning                    3
   d - Summon Guardian Golem          Hexes/Summoning              3
   e - Summon Lightning Spire         Summoning/Air                4
   f - Summon Ice Beast               Ice/Summoning                4
Comestibles
 c - 2 bread rations
 d - a royal jelly
 k - a meat ration


   Skills:
 + Level 2.9 Dodging
 + Level 2.4 Stealth
 + Level 0.2 Unarmed Combat
 + Level 3.1 Spellcasting
 + Level 4.8 Summonings


You had 8 spell levels left.
You knew the following spells:

 Your Spells              Type           Power        Failure   Level  Hunger
a - Summon Small Mammal   Summ           ###.         2%          1    #......


Dungeon Overview and Level Annotations

Branches:
Dungeon (3/15)

Altars:
Ru


Message History

You hear some strange, mumbled words.
A puff of frost appears from out of thin air!
The puff of frost misses you.
Your bat completely misses something.
You hear some strange, mumbled words.
A puff of frost appears from out of thin air!
The puff of frost hits you!
* * * LOW HITPOINT WARNING * * *
Something hits your bat.
Your bat dies!
Your bat's corpse disappears in a puff of smoke!
Casting: Summon Small Mammal
Confirm with . or Enter, or press ? or * to list all spells.
Casting: Summon Small Mammal
Confirm with . or Enter, or press ? or * to list all spells.
Your bat hits something but does no damage.
You hear some strange, mumbled words.
A puff of frost appears from out of thin air!
The puff of frost hits you!
You die...

############## #.#
.#.............# #.#
.#.#b......#.#.# #.#
†.b†....#..#.#.# #.#
..r...>....#.#.# #†#
.#r#.#.....#.#.# #.#
.#####.....#.#.# #.#
..#.##.....#.#.###o#
...#.#.....#...r@.b#
.#.###.....###.#######
..####.....# #.......#
)#.#.#.....# #######.#
.r...#...†.#######.#r#
.#..##..#..........#.#
...#.#......######.#.#
..####..#.#..<...#r#.#
...# #..#.########.#.#


You could see an orc, a friendly quokka and a friendly bat.

Vanquished Creatures
  A leopard gecko (D:1)
  A hobgoblin (D:3)
  A bat (D:2)
  2 rats
5 creatures vanquished.

Vanquished Creatures (collateral kills)
  Ijyb (D:3)
  Terence (D:2)
  2 adders (D:2)
  4 worms (D:2)
  3 dart slugs
  A leopard gecko (D:3)
  2 orcs (D:3)
  5 giant cockroaches
  6 goblins
  5 hobgoblins
  8 bats
  3 frilled lizards
  8 kobolds
  2 rats
51 creatures vanquished.

Grand Total: 56 creatures vanquished

Notes
Turn   | Place    | Note
-------+----------+-------------------------------------------
     0 | D:1      | n0claF the Merfolk Summoner began the quest for the Orb.
     0 | D:1      | Reached XP level 1. HP: 13/13 MP: 3/3
   654 | D:1      | Reached XP level 2. HP: 14/19 MP: 1/5
  1452 | D:2      | Found a sacrificial altar of Ru.
  1466 | D:2      | Became a worshipper of Ru the Awakened
  1733 | D:2      | Reached XP level 3. HP: 24/24 MP: 2/6
  1737 | D:2      | Noticed Terence
  1841 | D:2      | Killed Terence
  2306 | D:2      | Reached XP level 4. HP: 19/30 MP: 2/8
  2874 | D:3      | Noticed Ijyb
  2999 | D:3      | Killed Ijyb
  3086 | D:3      | Killed from afar by an orc wizard

Skill      XL: |  1  2  3  4 |
---------------+-------------+-----
Spellcasting   | 3 |  3.1
Dodging        | |  2.9
Stealth        | |  2.4
Unarmed Combat | |  0.2
Summonings     | |  4.8

Action                   |  1- 3 |  4- 6 || total
-------------------------+-------+-------++-------
Melee: Unarmed           |    55 |       ||    55
       Hand axe          |     9 |     3 ||    12
 Cast: Summon Small Mamm |    96 |    54 ||   150
 Stab: Sleeping          |     1 |       ||     1
  Eat: Chunk             |     6 |       ||     6
       Bread ration      |       |     1 ||     1
Armor: Robe              |    12 |     5 ||    17
Dodge: Dodged            |    87 |    17 ||   104
